 Dungeon Crawl Stone Soup version 0.27-a0-1149-g4505690ab0 (webtiles) character file.

Game seed: 9442054241786991445

524 chippings the Skirmisher (level 7, -2/55 HPs)
             Began as a Mummy Gladiator on May 12, 2021.
             Was an Initiate of Okawaru.
             Slain by a gnoll
             ... wielding a +0 halberd
              (7 damage)
             ... on level 4 of the Dungeon.
             The game lasted 00:06:28 (4490 turns).

chippings the Skirmisher (Mummy Gladiator)          Turns: 4490, Time: 00:06:29

Health: -2/55      AC:  7    Str: 17    XL:     7   Next: 2%
Magic:  7/7        EV: 12    Int:  7    God:    Okawaru [......]
Gold:   266        SH:  0    Dex: 16    Spells: 6/6 levels left

rFire    x . .     SeeInvis .   a - +0 long sword
rCold    + . .     Faith    +   (no shield)
rNeg     + + +     Spirit   .   g - +0 ring mail
rPois    ∞         Reflect  .   c - +0 helmet
rElec    .         Harm     .   j - +0 cloak
rCorr    .         Rampage  .   (no gloves)
Will     .....                  (no boots)
Stlth    +.........             m - amulet of faith
HPRegen  0.18/turn              (no ring)
MPRegen  0.10/turn              (no ring)

@: no status effects
A: cold resistance 1, negative energy resistance 3, torment resistance 2, heat
vulnerability 1, no potions
a: Renounce Religion


You were on level 4 of the Dungeon.
You worshipped Okawaru.
Okawaru was noncommittal.
You visited 1 branch of the dungeon, and saw 5 of its levels.

You collected 266 gold pieces.

Inventory:

Hand Weapons
 a - a +0 long sword (weapon)
Missiles
 d - 3 throwing nets
 h - 18 poisoned darts (quivered)
Armour
 c - a +0 helmet (worn)
 g - a +0 ring mail (worn)
 j - a +0 cloak (worn)
Magical Staves
 f - a staff of fire
Jewellery
 m - an amulet of faith (around neck)
Scrolls
 b - a scroll of enchant weapon {unknown}
 e - a scroll of magic mapping {unknown}
 i - a scroll of identify {unknown}
 k - a scroll of amnesia {unknown}
 l - 3 scrolls of teleportation {unknown}


   Skills:
 + Level 4.6 Fighting
 + Level 4.3 Long Blades
 + Level 2.1 Throwing
 + Level 3.9 Dodging


You had 6 spell levels left.
You didn't know any spells.
Your spell library contained the following spells:

 Spells                   Type           Power      Damage    Failure   Level
 Animate Skeleton         Necr           0%         N/A       65%         1
 Apportation              Tloc           0%         N/A       65%         1
 Corona                   Hex            0%         N/A       65%         1
 Summon Small Mammal      Summ           0%         N/A       65%         1
 Ensorcelled Hibernation  Hex/Ice        0%         N/A       78%         2
 Confusing Touch          Hex            0%         N/A       95%         3
 Dazzling Flash           Conj/Hex       0%         N/A       95%         3
 Tukima's Dance           Hex            0%         N/A       95%         3
 Beastly Appendage        Tmut           Unusable   N/A       N/A         1
 Wereblood                Tmut           Unusable   N/A       N/A         2
 Spider Form              Tmut/Pois      Unusable   N/A       N/A         3
 Ice Form                 Ice/Tmut       Unusable   N/A       N/A         4
 Hydra Form               Tmut           Unusable   N/A       N/A         5

Dungeon Overview and Level Annotations

Branches:
Dungeon (5/15)
 Temple: D:4-7

Altars:
Cheibriados
Gozag
Okawaru
Yredelemnul

Shops:
D:3 *

Annotations:
D:3 3 runed translucent doors, Rohain's ghost, amateur DrFE
D:4 1 runed translucent door, Crazy Yiuf


Innate Abilities, Weirdness & Mutations

You are immune to poison.
Your flesh is cold resistant. (rC+)
You are immune to negative energy. (rN+++)
You are immune to unholy pain and torment.
You are vulnerable to heat. (rF-)
You do not drink.


Message History

You kill the gnoll!
Okawaru accepts your kill.
Things that are here:
a +0 club; a gnoll corpse
Things that are here:
a +0 club; a gnoll corpse
There is a stone staircase leading down here.
You start resting.
HP restored.
You climb downwards.
The gnoll closely misses you.
There is a stone staircase leading up here.
The gnoll hits you with a +0 halberd.
There is a stone staircase leading up here.
The gnoll barely misses you.
You riposte.
Your ring mail prevents you from hitting the gnoll.
The gnoll hits you but does no damage.
You climb upwards.
Level annotation: 1 runed translucent door, Crazy Yiuf
There is a stone staircase leading down here.
You barely miss the gnoll. The gnoll hits you with a +0 halberd!
The gnoll hits you with a +2 whip of holy wrath.
You convulse.
The gnoll completely misses you.
You riposte.
You hit the gnoll.
The gnoll is moderately wounded.
You hit the gnoll.
The gnoll is almost dead.
The gnoll hits you with a +2 whip of holy wrath!
You convulse!
The gnoll closely misses you. The gnoll barely misses you.
You hit the gnoll but do no damage.
The gnoll is almost dead.
The gnoll hits you with a +0 halberd!
* * * LOW HITPOINT WARNING * * *
The gnoll hits you but does no damage.
You barely miss the gnoll.
The gnoll is almost dead.
The gnoll barely misses you. x2; You riposte.
You slash the gnoll!
The gnoll is heavily wounded.
You closely miss the gnoll.
The gnoll is almost dead.
The gnoll hits you with a +0 halberd!
You die...

######.........### #'# #..#.
..........##.### #.# #..#.
#......##....#### #.# ####....
#.##########....###
#.###.....## #.# #.##...##
#.....##..# ..#
###...##..###..#####..# ###
###...#...........####..#
#...#####)g....##.#....##
#######.#.....g@#..####....>.#
#....)....########...##..###.#
#.........# ###....## ###
#.........## ###.##
#..........# #.# #........#.#
### #..........# ####.####..#
#.#.#...#


You could see 2 gnolls.

Vanquished Creatures
  A scorpion (D:4)
  A water moccasin zombie (D:3)
  A centaur skeleton (D:5)
  2 hounds
  A bullfrog skeleton (D:5)
  An iguana (D:4)
  Jessica (D:2)
  Natasha (thrice) (D:2)
  Robin (D:2)
  A gnoll (D:4)
  3 adders
  An adder zombie (D:3)
  2 adder skeletons (D:4)
  A worm (D:4)
  4 dart slugs
  5 orcs
  3 endoplasms
  4 giant cockroaches
  15 goblins
  13 hobgoblins
  9 jackals
  5 quokkas
  4 ball pythons
  4 bats
  A frilled lizard (D:3)
  5 kobolds
  10 rats
102 creatures vanquished.

Notes
Turn   | Place    | Note
-------+----------+-------------------------------------------
     0 | D:1      | chippings the Mummy Gladiator began the quest for the Orb.
     0 | D:1      | Reached XP level 1. HP: 16/16 MP: 1/1
   523 | D:1      | Reached XP level 2. HP: 23/23 MP: 2/2
   802 | D:1      | You fall into a shaft and drop 1 floor!
   879 | D:1      | Reached XP level 3. HP: 26/28 MP: 3/3
  1160 | D:2      | Noticed Natasha
  1168 | D:2      | Killed Natasha
  1334 | D:2      | Reached XP level 4. HP: 18/35 MP: 4/4
  1388 | D:2      | Noticed Natasha
  1411 | D:2      | Killed Natasha
  1673 | D:2      | Noticed Natasha
  1689 | D:2      | Killed Natasha
  1690 | D:2      | Reached XP level 5. HP: 19/41 MP: 5/5
  1893 | D:2      | Noticed Jessica
  1898 | D:2      | Killed Jessica
  1948 | D:2      | Noticed Robin
  1967 | D:2      | Killed Robin
  2134 | D:2      | Found a faded altar of an unknown god.
  2953 | D:3      | Found Ycogot's Assorted Antiques.
  3087 | D:3      | Found a runed translucent gate.
  3087 | D:3      | Found a runed translucent gate.
  3087 | D:3      | Found a runed translucent gate.
  3087 | D:3      | Noticed Rohain's ghost (amateur DrFE)
  3089 | D:3      | Found a basalt altar of Yredelemnul.
  3111 | D:3      | Reached XP level 6. HP: 35/48 MP: 6/6
  3784 | D:4      | Found a faded altar of an unknown god.
  3784 | D:4      | Found a faded altar of an unknown god.
  3789 | D:4      | Found an opulent altar of Gozag.
  3791 | D:4      | Found an iron altar of Okawaru.
  3793 | D:4      | Found a snail-covered altar of Cheibriados.
  3815 | D:4      | Became a worshipper of Warmaster Okawaru
  4007 | D:4      | Found a runed translucent door.
  4008 | D:4      | Noticed Crazy Yiuf
  4090 | D:5      | Entered Level 5 of the Dungeon
  4332 | D:5      | Reached XP level 7. HP: 53/55 MP: 7/7
  4490 | D:4      | Slain by a gnoll

Illustrated notes

Levels and vault maps discovered:
D:1:      wander_arrival_fairy_ring, layout_basic
D:2:      layout_rooms, ebering_ecumenical_altar_rust, uniq_natasha,
          uniq_jessica, uniq_robin
D:3:      layout_loops_ring, nicolae_yredelemnul_ghost_church, serial_shops,
          shop_coins
D:4:      layout_rooms, chequers_temple_overflow_minitemple,
          minmay_misc_feat_tiny, uniq_crazy_yiuf_cottage
D:5:      layout_loops_ring, minmay_temple_entry_sparse_star

Skill      XL: |  1  2  3  4  5  6 |
---------------+-------------------+-----
Long Blades    | 3 4 |  4.3
Fighting       | 3 4 |  4.6
Dodging        | 3 |  3.9
Throwing       | 2 |  2.1

Action                   |  1- 3 |  4- 6 |  7- 9 || total
-------------------------+-------+-------+-------++-------
Melee: Long sword        |    55 |   233 |    15 ||   303
Armor: Leather armour    |    26 |       |       ||    26
       Ring mail         |       |    84 |     4 ||    88
Dodge: Dodged            |    34 |   177 |    12 ||   223
       Rpst.: Long sword |    13 |    53 |     3 ||    69

Table legend: (Time is in decaauts)
 A = Elapsed time spent in this place.
 B = Non-inter-level travel time spent in this place.
 C = Inter-level travel time spent in this place.
 D = Time resting spent in this place.
 E = Time spent auto-exploring this place.
 F = Levels seen in this place.
 G = Mean time per level.
                   A        B        C        D        E       F      G
               +--------+--------+--------+--------+--------+-----+--------+
         Total |   4566 |   4444 |    122 |    126 |   3174 |   5 |  913.2 |
       Dungeon |   4566 |   4444 |    122 |    126 |   3174 |   5 |  913.2 |
               +--------+--------+--------+--------+--------+-----+--------+

Top non-repeatable levels by time:
     D:2: 1286 daAuts
     D:1: 1146 daAuts
     D:4: 1054 daAuts
     D:3: 934 daAuts
     D:5: 145 daAuts
